 Dungeon Crawl Stone Soup version 0.29.0-13-gc9e81de378 (webtiles) character file.

Game seed: 7204498122418496811

82 SnakkuSnakku7 the Trooper (level 4, -2/45 HPs)
             Began as an Ogre Enchanter on Sept 7, 2022.
             Slain by a gnoll
             ... wielding a +2 flail of protection
              (7 damage)
             ... on level 2 of the Dungeon.
             The game lasted 00:04:02 (3535 turns).

SnakkuSnakku7 the Trooper (Ogre Enchanter)          Turns: 3535, Time: 00:04:03

Health: -2/45      AC:  3    Str: 12    XL:     4   Next: 43%
Magic:  7/7        EV: 10    Int: 16    God:
Gold:   207        SH:  0    Dex: 11    Spells: 7/7 levels left

rFire   . . .      SeeInvis .   a - +0 mace
rCold   . . .      Faith    .   (no shield)
rNeg    . . .      Spirit   .   b - +0 robe
rPois   .          Reflect  .   (helmet restricted)
rElec   .          Harm     .   (no cloak)
rCorr   .          Rampage  .   (gloves unavailable)
Will    .....                   (boots unavailable)
Stlth   ++........              (no amulet)
HPRegen 0.15/turn               (no ring)
MPRegen 0.10/turn               (no ring)

@: no status effects
A: large, unfitting armour, tough skin 1
a: no special abilities


You were on level 2 of the Dungeon.
You visited 1 branch of the dungeon, and saw 3 of its levels.

You collected 207 gold pieces.

Inventory:

Hand Weapons
 a - a +0 mace (weapon)
 h - a +1 dagger
 n - a +0 whip
Armour
 b - a +0 robe (worn)
Scrolls
 e - a scroll of identify
 g - a scroll of immolation {unknown}
 k - a scroll of vulnerability {unknown}
 m - a scroll of enchant weapon {unknown}
 o - a scroll of butterflies {unknown}
 p - a scroll of enchant armour {unknown}
 q - a scroll of torment {unknown}
Potions
 c - 2 potions of invisibility
 f - a potion of brilliance {unknown}
 i - 2 potions of might {unknown}
 j - a potion of degeneration {unknown}
 l - a potion of berserk rage {unknown}


   Skills:
 - Level 3.0 Fighting
 - Level 0.8 Short Blades
 + Level 2.7 Maces & Flails
 - Level 1.7 Dodging
 - Level 2.1 Stealth
 - Level 2.4 Spellcasting
 - Level 2.6 Hexes


You had 7 spell levels left.
You didn't know any spells.
Your spell library contained the following spells:

 Spells                   Type           Power      Damage    Failure   Level
 Ensorcelled Hibernation  Hex/Ice        12%        N/A       17%         2
 Apportation              Tloc           2%         N/A       21%         1
 Necrotise                Necr           4%         1d4       21%         1
 Summon Small Mammal      Summ           4%         N/A       21%         1
 Confusing Touch          Hex            10%        N/A       21%         3
 Tukima's Dance           Hex            10%        N/A       21%         3
 Dazzling Flash           Conj/Hex       12%        N/A       34%         3


Dungeon Overview and Level Annotations

Branches:
Dungeon (3/15)

Altars:
Ashenzari
Okawaru

Annotations:
D:3 exclusion: scorpion


Innate Abilities, Weirdness & Mutations

You are too large for most types of armour.
You have tough skin. (AC +1)


Message History

There is a stone staircase leading down, spattered with blood here.
You climb downwards.
Level annotation: exclusion: scorpion The gnoll closely misses you.
The gnoll barely misses you.
There is a stone staircase leading up here.
The gnoll barely misses you. The gnoll closely misses you.
You climb upwards.
There is a stone staircase leading down, spattered with blood here.
You hit the gnoll but do no damage.
The gnoll hits you with a +2 flail of protection!
You hit the gnoll but do no damage.
The gnoll hits you with a +2 flail of protection.
You barely miss the gnoll.
The gnoll hits you with a +2 flail of protection!
You are too injured to fight recklessly!
You are too injured to fight recklessly!
You are too injured to fight recklessly!
You are too injured to fight recklessly!
You barely miss the gnoll. The gnoll barely misses you.
The gnoll hits you with a +2 flail of protection.
You hit the gnoll.
The gnoll is lightly wounded.
The gnoll hits you with a +2 flail of protection!
You closely miss the gnoll.
The gnoll is lightly wounded.
The gnoll closely misses you.
You hit the gnoll but do no damage.
The gnoll is lightly wounded.
The gnoll closely misses you.
You hit the gnoll but do no damage.
The gnoll is lightly wounded.
The gnoll closely misses you. x2
You hit the gnoll.
The gnoll is heavily wounded.
The gnoll hits you with a +2 flail of protection!
* * * LOW HITPOINT WARNING * * *
You hit the gnoll.
The gnoll is severely wounded.
The gnoll hits you with a +2 flail of protection!
You die...

#.########.# #.# #.#
#.# #.# #.# ##.## #.#
###...########## #.#
#...........(..# ###
#.# #.....#.######.#
#.. #.# #..#.##.# #.#
#.# #.# #..#@##.# #.##
#.# #.# #..g÷...#
#..###.#
#.######.#.##.#
#.......
#..........##.#
#..###.#
########.####.### #..#
#.# #....##.....#
#..###.#
#.#####.....####..##...
#....................#.
#.#####.....####..##...


You could see a gnoll.

Vanquished Creatures
  A gnoll (D:3)
  An adder (D:3)
  3 dart slugs
  2 orcs
  8 endoplasms
  4 goblins
  4 hobgoblins
  4 quokkas
  3 ball pythons
  8 bats
  7 frilled lizards
  4 kobolds
  3 rats
52 creatures vanquished.

Vanquished Creatures (others)
  2 withered plants (D:3)
2 creatures vanquished.

Grand Total: 54 creatures vanquished

Notes
Turn   | Place    | Note
-------+----------+-------------------------------------------
     0 | D:1      | SnakkuSnakku7 the Ogre Enchanter began the quest for the
                  | Orb.
     0 | D:1      | Reached XP level 1. HP: 16/16 MP: 3/3
    30 | D:1      | Reached skill level 1 in Fighting
   451 | D:1      | Reached skill level 2 in Fighting
   451 | D:1      | Reached XP level 2. HP: 14/28 MP: 5/5
  1359 | D:1      | Reached skill level 3 in Fighting
  1543 | D:1      | Reached XP level 3. HP: 34/37 MP: 6/6
  1558 | D:1      | Reached skill level 1 in Maces & Flails
  2422 | D:3      | Noticed a scorpion
  2493 | D:3      | Reached XP level 4. HP: 39/45 MP: 7/7
  2582 | D:3      | Found a broken altar of Ashenzari.
  2752 | D:3      | Found a faded altar of an unknown god.
  2754 | D:3      | Found an iron altar of Okawaru.
  3535 | D:2      | Slain by a gnoll

Illustrated notes

Levels and vault maps discovered:
D:1:      doesnt_arrival_eight_statues, layout_loops_cross,
          grunt_decor_arrowhead, minmay_split_cup_large
D:2:      layout_loops_ring
D:3:      layout_basic, okawaru_ov_weapons_minmay, nicolae_ashenzari_skybound,
          grunt_temple_overflow_open, ebering_ecumenical_altar_petrified,
          hangedman_feature_mirror

Skill      XL: |  1  2  3 |
---------------+----------+-----
Fighting       | 2 3 |  3.0
Maces & Flails | 2 |  2.7
Short Blades   | |  0.8
Dodging        | |  1.7
Stealth        | |  2.1
Spellcasting   | |  2.4
Hexes          | |  2.6

Action                   |  1- 3 |  4- 6 || total
-------------------------+-------+-------++-------
Melee: Dagger            |    84 |       ||    84
       Punch             |     2 |     1 ||     3
       Whip              |    47 |       ||    47
       Mace              |    34 |    66 ||   100
  Use: Potion            |     1 |     2 ||     3
       Scroll            |       |     1 ||     1
 Stab: Sleeping          |     9 |       ||     9
Armor: Robe              |    51 |    20 ||    71
Dodge: Dodged            |    78 |    61 ||   139
